 Dungeon Crawl Stone Soup version 0.21.1-1-g345015f (webtiles) character file.

319 odemus the Conjurer (level 6, -4/32 HPs)
             Began as a Deep Elf Conjurer on Apr 11, 2018.
             Slain by an ogre
             ... wielding a +0 giant club
              (29 damage)
             ... on level 4 of the Dungeon on Apr 19, 2018.
             The game lasted 00:30:20 (3482 turns).

odemus the Conjurer (Deep Elf Conjurer)             Turns: 3482, Time: 00:30:21

Health: -4/32      AC:  2    Str:  5    XL:     6   Next: 21%
Magic:  6/13       EV: 13    Int: 22    God:
Gold:   167        SH:  0    Dex: 15    Spells: 9/12 levels left

rFire    . . .     SeeInvis .   (no weapon)
rCold    . . .     Gourm    .   (no shield)
rNeg     . . .     Faith    .   a - +0 robe
rPois    .         Spirit   .   (no helmet)
rElec    +         Reflect  .   (no cloak)
rCorr    +         Harm     .   (no gloves)
MR       .....                  (no boots)
Stlth    ++........             (no amulet)
HPRegen  0.00/turn              (no ring)
MPRegen  0.13/turn              e - ring of resist corrosion

@: no status effects
A: claws 1, electricity resistance, inhibited regeneration, sturdy frame 1
a: no special abilities


You were on level 4 of the Dungeon.
You were not hungry.

You visited 1 branch of the dungeon, and saw 4 of its levels.

You collected 167 gold pieces.

Inventory:

Armour
 a - a +0 robe (worn)
Magical Staves
 o - an uncursed staff of death {unknown}
Jewellery
 e - a ring of resist corrosion (right claw)
 h - an uncursed amulet of rage
 p - an uncursed ring of flight {unknown}
Wands
 i - a wand of digging (11)
Scrolls
 d - 4 scrolls of remove curse
 g - 3 scrolls of identify
 k - a scroll of noise {unknown}
 m - a scroll of fear
 q - a scroll of enchant weapon {unknown}
Potions
 f - 2 potions of heal wounds
 j - a potion of lignification {unknown}
 l - 2 potions of haste
 n - a potion of might {unknown}
Books
 b - a book of Conjurations

   Spells                             Type                      Level
   a - Magic Dart                     Conjuration                  1
   b - Searing Ray                    Conjuration                  2
   c - Dazzling Spray                 Conjuration/Hexes            3
   d - Fulminant Prism                Conjuration/Hexes            4
   e - Force Lance                    Conjuration/Translocation    4
   f - Iskenderun's Mystic Blast      Conjuration                  4
Comestibles
 c - 5 rations


   Skills:
 + Level 0.1 Fighting
 - Level 2.4 Dodging
 + Level 3.3 Stealth
 + Level 3.9 Spellcasting
 * Level 7.7 Conjurations


You had 9 spell levels left.
You knew the following spells:

 Your Spells              Type           Power        Failure   Level  Hunger
a - Magic Dart            Conj           ####         1%          1    None
b - Searing Ray           Conj           #####.       1%          2    #......


Dungeon Overview and Level Annotations

Branches:
Dungeon (4/15)
 Temple: D:4-7

Altars:
Ashenzari
Elyvilon
Fedhas
Gozag
Kikubaaqudgha
Makhleb
Qazlal

Annotations:
D:4 arthur's ghost, weakling TeAE


Innate Abilities, Weirdness & Mutations

You have sharp fingernails.
You are resistant to electric shocks. (rElec)
You do not regenerate when monsters are visible.
Your movements are slightly less encumbered by armour. (ER -2)


Message History

The ogre barely misses you.
The searing ray hits the ogre.
The ogre is moderately wounded.
The searing ray hits the ogre.
The ogre is heavily wounded.
The ogre hits you with a giant club!
The searing ray hits the ogre.
The ogre is severely wounded.
You finish channeling your searing ray.
The ogre barely misses you.
Casting: Searing Ray
Confirm with . or Enter, or press ? or * to list all spells.
Aiming: Searing Ray
Press: ? - help, Shift-Dir - straight line, f/p - ogre
Aim: an ogre, wielding a giant club (severely wounded)
The searing ray hits the ogre.
The ogre is almost dead. (Press . to maintain the ray.)
The ogre hits you with a giant club!!
Ouch! That really hurt!
You die...

... #... ...
######## ..##
##......## ###...
##........## #...
#..........####.#
#...........@O..#
#..........<#####
#..........##
#..........#
##........##
#..........#
#..........#
#..........#
#..........#


You could see an ogre.

Vanquished Creatures
  A hound (D:2)
  An orc priest (D:4)
  2 orc wizards (D:3)
  Ijyb (D:3)
  Natasha (twice) (D:3)
  An iguana (D:4)
  3 adders (D:3)
  An ooze (D:3)
  An adder skeleton (D:4)
  A worm (D:3)
  A dart slug (D:3)
  A leopard gecko (D:3)
  3 orcs
  6 bats
  3 giant cockroaches
  9 goblins
  4 hobgoblins
  4 jackals (D:1)
  8 kobolds
  A quokka (D:2)
  4 ball pythons
  5 frilled lizards
  5 rats
68 creatures vanquished.

Notes
Turn   | Place    | Note
-------+----------+-------------------------------------------
     0 | D:1      | odemus the Deep Elf Conjurer began the quest for the Orb.
     0 | D:1      | Reached XP level 1. HP: 10/10 MP: 6/6
   204 | D:1      | Reached XP level 2. HP: 15/15 MP: 5/8
   242 | D:1      | Reached skill level 5 in Conjurations
   350 | D:1      | Learned a level 2 spell: Searing Ray
   538 | D:1      | Gained mutation: Your movements are slightly less encumbered by armour. (ER -2) [potion of mutation]
   538 | D:1      | Gained mutation: You do not regenerate when monsters are visible. [potion of mutation]
   538 | D:1      | Gained mutation: You have sharp fingernails. [potion of mutation]
   538 | D:1      | Gained mutation: You are resistant to electric shocks. (rElec) [potion of mutation]
  1043 | D:2      | Reached XP level 3. HP: 19/19 MP: 7/9
  1071 | D:2      | Found a burning altar of Makhleb.
  1354 | D:2      | Found an ancient bone altar of Kikubaaqudgha.
  1547 | D:2      | Reached skill level 6 in Conjurations
  1547 | D:2      | Reached XP level 4. HP: 24/24 MP: 8/11
  1877 | D:3      | Found an opulent altar of Gozag.
  1881 | D:3      | Noticed Ijyb
  1898 | D:3      | Killed Ijyb
  2407 | D:3      | Found a stormy altar of Qazlal.
  2507 | D:3      | Reached XP level 5. HP: 28/28 MP: 6/12
  2612 | D:3      | Reached skill level 7 in Conjurations
  2745 | D:3      | Found a blossoming altar of Fedhas.
  2754 | D:3      | Noticed Natasha
  2761 | D:3      | Killed Natasha
  2836 | D:3      | Noticed Natasha
  2856 | D:3      | Killed Natasha
  3053 | D:3      | Found a white marble altar of Elyvilon.
  3053 | D:3      | Found a shattered altar of Ashenzari.
  3231 | D:4      | Reached XP level 6. HP: 31/32 MP: 2/13
  3235 | D:4      | Noticed arthur's ghost (weakling TeAE)
  3482 | D:4      | Slain by an ogre

Skill      XL: |  1  2  3  4  5 |
---------------+----------------+-----
Conjurations   | 5 6 7 |  7.7
Stealth        | 3 |  3.3
Fighting       | |  0.1
Dodging        | |  2.4
Spellcasting   | |  3.9

Action                   |  1- 3 |  4- 6 || total
-------------------------+-------+-------++-------
Melee: Unarmed           |     3 |       ||     3
 Cast: Magic Dart        |    42 |    54 ||    96
       Searing Ray       |     4 |    18 ||    22
  Use: Scroll            |     4 |     5 ||     9
       Potion            |     2 |     2 ||     4
  Eat: Ration            |     1 |     2 ||     3
Armor: Robe              |     5 |     3 ||     8
Dodge: Dodged            |    40 |    26 ||    66
